← All builds
Geo sea / Cortex / Economy first / OBSERVED BUILD

Standard geo sea

Cortex Geo sea build order · Supreme Isthmus

Builds Bot Lab then Shipyard in the cove, eating the lab for metal, and pushes out Orca, Riptide and Oppressor to contest the sea starting around 4-6 minutes, transitioning into a Riptide/Oppressor-heavy navy over the rest of the game.

Usually shipyard in the cove (98%)

#naval #eco · 1752 distinct matches · 186 players · 80% of Cortex Geo sea games · team won 53% of 2052 · Recently observed

HOW TO PLAY IT

Key timing: Bot Lab by 1:12, Shipyard by 3:17

  1. Open 3 mex into wind, then drop Bot Lab in cove.
  2. Finish Bot Lab, keep teching mex and wind.
  3. Get Shipyard up and start pumping subs and frigates.
  4. Eat the Bot Lab for metal once you have T1 units defending.
  5. Push out submarine, frigate, destroyer to contest sea.
  6. Bring geothermal online and transition toward T2 constructor.

Phase by phase

TYPICAL OF ITS 1752 GAMES
  1. 1
  2. 2
  3. 3
  4. 4
PLAY THE OPENING

Follow the example game's first 6:00 step by step: what to build now, what comes next, and where it goes. At 1× it keeps pace with your own game.

  1. 1

    Up to the Bot Lab

    Economy
    • Metal Extractor3Mex
    • Wind Turbine3Wind
    • Wind Turbine1Windfor allies
    Order
    1. Bot LabBot Lab after 3 mex, 3 winddone ~1:13, middle half 1:07–1:25

    By 0:55 in all: 3 mex · 3 wind

    The example game in this phase · 5 steps
    1. Mex ×3
    2. Wind
    3. Wind ×2for Air
    4. Wind ×2
    5. Bot LabBot Labdone 1:18 · typical 1:13
  2. 2

    Bot Lab to Shipyard

    Economy
    • Metal Extractor1Mex
    • Wind Turbine1Wind
    Order
    1. ShipyardShipyard after 4 mex, 5 wind, 1 energy storagedone ~3:18, middle half 3:01–3:36
    Builders
    • Construction Bot3 Con bot
    • Graverobber2 Graverobber
    Army
    • Grunt1 Grunt

    Some games also: con turret (46%) · trasher (39%) · energy storage (36%)

    By 2:52 in all: 4 mex · 5 wind · 1 energy storage

    The example game in this phase · 13 steps
    1. Construction BotCon bot
    2. GraverobberGraverobber
    3. Wind ×2
    4. GraverobberGraverobber
    5. Mex
    6. Construction BotCon bot
    7. Wind
    8. Construction BotCon bot
    9. Con turret
    10. TrasherTrasher
    11. Con turret
    12. Mex ×2
    13. ShipyardShipyarddone 3:47 · typical 3:18
  3. 3

    Shipyard to 5:00

    Economy
    • Metal Extractor4Mex
    Order
    1. Bot LabEat Bot Lab
    Builders
    • Construction Ship1 Con ship
    Army
    • Riptide2 Frigate
    • Orca1 Submarine
    Other
    • Radar Tower1 Radar Tower

    Some games also: missile corvette (49%) · wind (49%) · Guard (48%) · destroyer (44%) · gunboat (39%)

    By 5:00 in all: 8 mex · 6 wind · 1 energy storage · 1 con turret

    The example game in this phase · 18 steps
    1. Mex
    2. Construction BotCon bot
    3. Mex
    4. Construction ShipCon ship
    5. RiptideFrigatedone 4:17 · typical 4:39
    6. Bot LabEat Bot Labreclaimed for its metal
    7. Radar TowerRadar Tower
    8. Mex
    9. Radar TowerRadar Tower
    10. RiptideFrigate
    11. ThistleThistle
    12. Converter
    13. RiptideFrigate
    14. Mex
    15. Energy storage
    16. Wind ×3
    17. Geothermal PowerplantGeodone 10:34 · typical 8:13
    18. HerringMissile corvette
  4. 4

    5:00 to 10:00

    Economy
    • Metal Extractor2Mex
    • Wind Turbine8Wind
    • Energy Converter2Converter
    Order
    1. Geothermal PowerplantGeo after 9 mex, 9 wind, 2 converterin 53% of games
    Builders
    • Construction Turret1 Con turret
    • Death Cavalry2 Death Cavalry
    • Construction Ship1 Con ship
    Army
    • Guard1 Guard
    • Riptide5 Frigate
    Other
    • Naval Radar / Sonar Tower2 Naval Radar / Sonar Tower

    Some games also: Thistle (38%) · submarine (32%)

    By 10:00 in all: 10 mex · 15 wind · 1 geo · 4 converter · 1 energy storage · 2 con turret

    The example game in this phase · 131 steps
    1. GuardGuard
    2. Wind
    3. OppressorDestroyerdone 5:39 · typical 5:54
    4. Wind
    5. Mex
    6. Wind
    7. Death CavalryDeath Cavalry
    8. Wind
    9. RiptideFrigate
    10. Naval Radar / Sonar TowerNaval Radar / Sonar Tower
    11. Converter
    12. RiptideFrigate
    13. Converter ×3
    14. Con turret
    15. RiptideFrigate
    16. Wind ×4
    17. GuardGuard
    18. HerringMissile corvette
    19. Wind ×2
    20. OppressorDestroyer
    21. Wind ×2
    22. Converter
    23. Wind
    24. Naval Radar / Sonar TowerNaval Radar / Sonar Tower
    25. Wind ×3
    26. Converter
    27. Wind ×2
    28. Construction ShipCon ship
    29. Wind
    30. Converter
    31. Wind
    32. RiptideFrigate
    33. Advanced Metal ExtractorT2 mexdone 9:04 · typical 9:24
    34. GuardGuard
    35. Wind ×3
    36. RiptideFrigate
    37. Wind
    38. Naval Radar / Sonar TowerNaval Radar / Sonar Tower
    39. Wind ×3
    40. HerringMissile corvette
    41. Wind
    42. Death CavalryDeath Cavalry
    43. Wind
    44. Naval Construction Turret
    45. Wind ×3
    46. HerringMissile corvette
    47. Wind ×2
    48. Advanced Metal ExtractorT2 mex
    49. OppressorDestroyer
    50. Converter
    51. Con turret
    52. GuardGuard
    53. Converter
    54. Mex
    55. Wind ×2
    56. RiptideFrigate
    57. Wind ×3
    58. RiptideFrigate
    59. Wind ×3
    60. HerringMissile corvette
    61. Converter
    62. Wind ×2
    63. OppressorDestroyer
    64. Advanced ShipyardAdvanced Shipyarddone 11:42
    65. Converter ×4
    66. Advanced Metal ExtractorT2 mex
    67. Wind ×4
    68. Converter
    69. ShipyardEat Shipyardreclaimed for its metal
    70. Wind ×2
    71. Converter
    72. Wind ×12
    73. Advanced Metal ExtractorT2 mex
    74. Converter
    75. Wind ×2
    76. Advanced Construction SubAdvanced Construction Sub
    77. Wind
    78. Converter
    79. Naval Radar / Sonar TowerNaval Radar / Sonar Tower
    80. Wind
    81. Converter ×3
    82. PathfinderPathfinder
    83. Wind
    84. Converter
    85. PathfinderPathfinder
    86. Wind ×3
    87. OasisOasis
    88. Wind
    89. Naval Construction Turret
    90. Wind ×4
    91. Naval Advanced Metal ExtractorNaval Advanced Metal Extractordone 13:08
    92. Wind ×5
    93. Naval Construction Turret
    94. Converter
    95. Wind
    96. Advanced Metal ExtractorT2 mex
    97. Wind ×2
    98. PhantasmRadar jammer ship
    99. Naval Construction Turret
    100. Wind ×4
    101. Naval Construction Turret
    102. Wind
    103. Converter
    104. Naval Advanced Metal ExtractorNaval Advanced Metal Extractor
    105. Wind
    106. Converter ×2
    107. Wind
    108. Converter
    109. ShipyardShipyarddone 13:37
    110. Wind
    111. Converter
    112. Wind ×4
    113. OasisOasis
    114. Advanced Metal ExtractorT2 mex
    115. Wind ×5
    116. Converter
    117. Wind ×2
    118. OasisOasis
    119. Wind
    120. Naval Advanced Metal ExtractorNaval Advanced Metal Extractor
    121. Wind ×5
    122. Converter
    123. PhantasmRadar jammer ship
    124. Wind ×3
    125. Converter ×2
    126. PhantasmRadar jammer ship
    127. Wind
    128. Advanced Geothermal PowerplantAdvanced Geothermal Powerplantnot finished by 15:00
    129. Wind ×2
    130. Black HydraBlack Hydranot finished by 15:00
    131. Wind ×3

Counts are medians over the build's games: half of them build more, half fewer. The example game is iiwii's (31 OS, 14/10/2026); pick another.

Team trades

IN AT LEAST 30% OF ITS GAMES

You hand over

  • Wind Turbine2 Wind to Airfirst at 1:44 · in 72% of games

You get

  • Finch1 Finch from Airfirst at 1:52 · in 82% of games
  • Hercules1 Light transport from Airfirst at 1:59 · in 76% of games
  • Advanced Construction Bot1 T2 con bot from Techfirst at 7:44 · in 90% of games

How it plays out

Typical game of this build, running totals by minute

Metal produced

010k20k30k
0:005:0010:0015:00

metal

Enemy metal destroyed

05k10k
0:005:0010:0015:00

metal

Own metal lost

02.5k5k7.5k
0:005:0010:0015:00

metal

2052 games.

Show as table
ByMetal produced: This buildEnemy metal destroyed: This buildOwn metal lost: This build
1:0039800
2:0092900
3:00155500
4:002865051
5:00406714652
6:005415441232
7:006891905545
8:0085751551915
9:001040224631361
10:001252635422035
11:001506647142813
12:001801260533665
13:002121472314373
14:002476984355219
15:002857196256203
WHAT THE NUMBERS SAY

This is the role's own baseline, winning a bit over half its games with steady eco scaling and sea trades roughly matching losses.

  • + Team wins slightly over half of games played.
  • + Metal production scales from ~4k to ~29.5k by 15:00.
  • − Own metal lost climbs to 6875 by 15:00, matching kills closely.
  • − T2 factory only reached in 40% of games, limiting late power.
THE EXAMPLE YOU ARE READING

iiwii

30.7 OS · 14/10/2026

Open source match ↗

4 received units · includes a constructor
324 metal received · 48694 energy received

Allied construction assistance is unknown. Timings are observations, not a promise of solo reproducibility.

Typical milestones

Bot Lab1:13Middle 50%: 1:07–1:25 · n=2025
Shipyard3:18Middle 50%: 3:01–3:36 · n=2043
Orca4:17Middle 50%: 3:52–5:00 · n=1389
Riptide4:39Middle 50%: 4:08–5:22 · n=1999
Oppressor5:54Middle 50%: 5:11–6:40 · n=1876
Geothermal Powerplant8:13Middle 50%: 7:13–9:26 · n=1331
Advanced Metal Extractor9:24Middle 50%: 8:48–10:21 · n=1790

Played most by

SHOGVN222games of this buildsirniho126games of this buildElpoloow118games of this buildOptimusprimenutt95games of this buildhihimik72games of this build